 Dungeon Crawl Stone Soup version 0.31-a0-177-g4aa6249778 (webtiles) character file.

Game seed: 15277067572539824631

114 Moral the Insei (level 4, -2/29 HPs)
             Began as an Octopode Transmuter on June 18, 2023.
             Killed by divine providence
             ... invoked by an orc priest
              (13 damage)
             ... on level 3 of the Dungeon.
             The game lasted 00:04:37 (1758 turns).

Moral the Insei (Octopode Transmuter)               Turns: 1758, Time: 00:04:37

Health: -2/29      AC:  1    Str: 11    XL:     4   Next: 97%
Magic:  8/8        EV: 13    Int: 15    God:
Gold:   119        SH:  0    Dex: 12    Spells: 7/8 levels left

rFire   . .          .
                       - Unarmed
rCold   . . .        (no shield)
rNeg    . . .        (helmet restricted)
rPois   .            (no amulet)
rElec   .            (no ring)
rCorr   .            (no ring)
SInv    .            (no ring)
Will    .....        (no ring)
Stlth   ++           (no ring)
HPRegen 0.24/turn    (no ring)
MPRegen 0.11/turn    (no ring)
                     (no ring)

%: no passive effects
@: no status effects
A: almost no armour, amphibious, 8 rings, camouflage 1, gelatinous body 1,
(nimble swimmer 1), tentacles
a: no special abilities


You were on level 3 of the Dungeon.
You visited 1 branch of the dungeon, and saw 3 of its levels.

You collected 119 gold pieces.

Inventory:

Missiles
 g - 2 throwing nets
 l - 9 stones
Scrolls
 d - 2 scrolls of fog
 e - a scroll of amnesia
 f - a scroll of fear
 i - a scroll of enchant weapon {unknown}
 j - 2 scrolls of teleportation {unknown}
Potions
 a - 2 potions of lignification
 h - 2 potions of might {unknown}
 k - a potion of enlightenment {unknown}


   Skills:
 + Level 2.0 Fighting
 + Level 2.8 Dodging
 + Level 3.6 Unarmed Combat
 + Level 2.7 Spellcasting
 + Level 2.7 Transmutations


You had 7 spell levels left.
You knew the following spells:

 Your Spells              Type           Power      Damage    Failure   Level
a - Beastly Appendage     Tmut           20%        N/A       7%          1

Your spell library contained the following spells:

 Spells                   Type           Power      Damage    Failure   Level
 Wereblood                Tmut           10%        N/A       10%         2
 Spider Form              Tmut/Pois      6%         N/A       34%         3
 Ice Form                 Ice/Tmut       6%         N/A       75%         4


Dungeon Overview and Level Annotations

Branches:
Dungeon (3/15)

Altars:

Shops:
D:1 (


Innate Abilities, Weirdness & Mutations

You cannot wear most types of armour.
You are amphibious.
You can wear up to eight rings at the same time.
Your skin changes colour to match your surroundings (Stealth+).
Your rubbery body absorbs attacks. (AC +1, EV +1)
((You are camouflaged when in or above water. (Stealth+)))
You have tentacles for arms and can constrict up to eight enemies at once.


Message History

Things that are here:
a +0 club; a +0 sling; a goblin corpse Your tentacle spike disappears.
There is a stone staircase leading down here.
An orc priest comes into view. It is wielding a +0 dagger.
An orc priest is nearby!
An orc priest is nearby!
Casting: Beastly Appendage (safe; 7% risk of failure)
Confirm with . or Enter, or press ? or * to list all spells.
One of your tentacles grows a vicious spike.
A worm comes into view.
A worm and 2 orcs come into view.
The orc shouts!
The orc priest shouts!
The orc priest mumbles some strange prayers to Beogh against you.
Beogh smites you! The orc misses you.
As you read the scroll labelled SIAPRY NUFRUGY, it crumbles to dust.
It is a scroll of enchant armour.
You aren't carrying any armour which can be enchanted further.
Your transformation is almost over.
The orc barely misses you.
As you read the scroll labelled ROWAFENOSM, it crumbles to dust.
It is a scroll of identify.
d - 2 scrolls of fog The orc hits you from afar with a +0 trident!
As you read the scroll labelled NIAXTI HILIETI, it crumbles to dust.
It is a scroll of amnesia.
Really abort (and waste the scroll)?
Okay, then.
The orc misses you.
As you read the scroll labelled NUCKIKHLUTI, it crumbles to dust.
You assume a fearsome visage.
The orc looks frightened!
The orc priest looks frightened!
The orc looks frightened!
It was a scroll of fear.
Cornered, the orc priest turns to fight!
Your tentacle spike disappears.
The orc priest mumbles some strange prayers to Beogh against you.
Beogh smites you!
You die...

#.# #.# #...... #.# #......
#.# #.....w #.# #.# #......
#.# #.# #..oo. #.# #.# #....
#@# #.# #....##### #.####.##
.## #..oo.oo####.......#
...#.#.......o##.......#
....##......#.##o......#
......#.....#..#.####..#
........+#####...## ##.#
........).....#...####.###
............†.......##...###


You could see an orc priest.

Vanquished Creatures
  Robin (D:2)
  4 adders
  A dart slug (D:1)
  5 ball pythons
  4 bats
  6 endoplasms
  A giant cockroach (D:1)
  11 goblins
  5 hobgoblins (D:2)
  10 kobolds
  3 quokkas
  3 frilled lizards
  9 rats
63 creatures vanquished.

Notes
Turn   | Place    | Note
-------+----------+-------------------------------------------
     0 | D:1      | Moral the Octopode Transmuter began the quest for the Orb.
     0 | D:1      | Reached XP level 1. HP: 13/13 MP: 3/3
   125 | D:1      | Reached XP level 2. HP: 17/18 MP: 5/5
   427 | D:1      | Found Pilinlac's Antique Weapon Shop.
   659 | D:1      | Reached XP level 3. HP: 22/23 MP: 6/6
  1084 | D:2      | Identified the +2 helmet "Poodups" {Fly Str+3 Dex+3}
  1084 | D:2      | Noticed Robin
  1152 | D:2      | Reached XP level 4. HP: 26/29 MP: 7/7
  1155 | D:2      | Killed Robin
  1174 | D:2      | Identified the +7 hand axe "Unaraps" {heavy, rElec}
  1180 | D:2      | Found a faded altar of an unknown god.
  1350 | D:2      | Identified the +6 short sword of Fuacoug {elec, rElec rC-
                  | Int-3 SInv}
  1758 | D:3      | Killed from afar by an orc priest

Illustrated notes

Levels and vault maps discovered:
D:1:      amcnicky_arrival_flooded_fountain, layout_basic, serial_shops,
          nicolae_shop_hallway_stairs
D:2:      layout_rooms, nicolae_ecumenical_snake_handling,
          kennysheep_generic_room_16, uniq_robin
D:3:      layout_basic, minmay_misc_feat_secret_circle

Skill      XL: |  1  2  3  4 |
---------------+-------------+-----
Fighting       | 2 |  2.0
Dodging        | |  2.8
Unarmed Combat | |  3.6
Spellcasting   | |  2.7
Transmutations | |  2.7

Action                     |  1- 3 |  4- 6 || total
---------------------------+-------+-------++-------
  Melee: Unarmed           |    85 |    42 ||   127
         Constrict         |    26 |    15 ||    41
         Tentacles         |    19 |     9 ||    28
         Punch             |     1 |     2 ||     3
         Kick              |    10 |    10 ||    20
   Cast: Beastly Appendage |    12 |    13 ||    25
    Use: Scroll            |       |     4 ||     4
   Stab: Sleeping          |     2 |     1 ||     3
 Armour: Skin              |     7 |     7 ||    14
  Dodge: Dodged            |    59 |    24 ||    83

Table legend: (Time is in decaauts)
 A = Elapsed time spent in this place.
 B = Non-inter-level travel time spent in this place.
 C = Inter-level travel time spent in this place.
 D = Time resting spent in this place.
 E = Time spent auto-exploring this place.
 F = Levels seen in this place.
 G = Mean time per level.
                   A        B        C        D        E       F      G
               +--------+--------+--------+--------+--------+-----+--------+
         Total |   1749 |   1739 |     10 |      0 |   1257 |   3 |  583.0 |
       Dungeon |   1749 |   1739 |     10 |      0 |   1257 |   3 |  583.0 |
               +--------+--------+--------+--------+--------+-----+--------+

Top non-repeatable levels by time:
     D:2: 800 daAuts
     D:1: 733 daAuts
     D:3: 215 daAuts
